 Dungeon Crawl Stone Soup version 0.31-a0-819-gf6de2f5ab6 (webtiles) character file.

Game seed: 14344097203405202025

667 qw the Skirmisher (level 7, -2/44 HPs)
             Began as a Gargoyle Hunter on Sept 23, 2023.
             Was an Initiate of Okawaru.
             Slain by Duvessa
             ... wielding a +0 short sword
              (3 damage)
             ... on level 5 of the Dungeon.
             The game lasted 00:01:05 (2970 turns).

qw the Skirmisher (Gargoyle Hunter)                 Turns: 2970, Time: 00:01:06

Health: -2/44      AC: 11    Str: 15    XL:     7   Next: 57%
Magic:  5/8        EV: 13    Int:  9    God:    Okawaru [......]
Gold:   273        SH:  0    Dex: 15    Spells: 6/6 levels left

rFire   . . .        Y - +0 orcbow
rCold   . . .        (shield currently unavailable)
rNeg    + . .        b - +0 ring mail
rPois   inf          (no helmet)
rElec   +            (no cloak)
rCorr   .            (no gloves)
SInv    .            (no boots)
Will    .....        (no amulet)
Stlth   +++          (no ring)
HPRegen 0.27/turn    (no ring)
MPRegen 0.11/turn

%: no passive effects
@: about to teleport, heroic
A: sickness immunity, AC +4, negative energy resistance 1, electricity
resistance, torment resistance 1, petrification resistance
a: Renounce Religion


You were on level 5 of the Dungeon.
You worshipped Okawaru.
Okawaru was noncommittal.
You visited 2 branches of the dungeon, and saw 6 of its levels.

You collected 273 gold pieces.


Innate Abilities, Weirdness & Mutations

You are immune to sickness and miasma.
Your stone body is resilient. (AC +4)
You are immune to poison.
You resist negative energy. (rN+)
You are resistant to electric shocks. (rElec)
You are resistant to unholy torment.
You are immune to petrification.


   Skills:
 + Level 4.4(9.4) Fighting
 - Level 8.0(13.0) Ranged Weapons
 - Level 1.0(6.0) Armour
 - Level 1.5(6.5) Dodging
 - Level 1.1(6.1) Stealth
 - Level 1.5 Invocations


You had 6 spell levels left.
You didn't know any spells.
Your spell library was empty.

Inventory:

Hand Weapons
 Y - a +0 orcbow (weapon)
Armour
 b - a +0 ring mail (worn)
Jewellery
 j - a +6 ring of intelligence
Scrolls
 d - a scroll of identify
 l - a scroll of noise {unknown}
Potions
 a - a potion of haste
 c - a potion of magic {unknown}
 f - a potion of heal wounds {unknown}
 g - a potion of degeneration {unknown}
 h - a potion of might {unknown}
 i - a potion of curing {unknown}
 k - a potion of cancellation {unknown}

Dungeon Overview and Level Annotations

Branches:
Dungeon (5/15)             Temple (1/1) D:4

Altars:
Ashenzari
Cheibriados
Dithmenos
Elyvilon
Fedhas
Hepliaklqana
Kikubaaqudgha
Makhleb
Okawaru
Ru
Sif Muna
Trog
Vehumet
Wu Jian
Xom
Yredelemnul
The Shining One

Annotations:
D:3 2 transporters
D:5 Duvessa


Message History

Dowan closely misses you.
You shoot an arrow. The arrow hits Dowan!
Dowan is severely wounded.
Dowan hits you with a +5 dagger of freezing.
Dowan freezes you.
Duvessa, Sister of Dowan comes into view.
She is wielding a +0 short sword.
You shoot an arrow. The arrow hits Dowan!
You kill Dowan!
Okawaru accepts your kill.
Duvessa weeps, and shakes her weapon.
Duvessa goes berserk!
Duvessa rages.
Your base Ranged Weapons skill increases to level 8!
You shoot an arrow.
The arrow hits Duvessa but does no damage.
You shoot an arrow.
The arrow hits Duvessa but does no damage.
You feel like a meek peon again.
2963 ||| FLEEEEING.
Duvessa rages.
2964 ||| FLEEEEING.
2965 ||| FLEEEEING.
2966 ||| INVOKING Heroism.
You gain the combat prowess of a mighty hero.
You can no longer gain great but temporary skills.
Duvessa hits you but does no damage.
You shoot an arrow.
The arrow hits Duvessa but does no damage.
Duvessa hits you with a +0 short sword! x2
You shoot an arrow. The arrow hits Duvessa!
Duvessa is lightly wounded.
Duvessa hits you with a +0 short sword.
2969 ||| READING scroll of teleportation.
As you read the scroll of teleportation, it crumbles to dust.
You feel strangely unstable. Duvessa hits you with a +0 short sword!
Duvessa hits you but does no damage.
You shoot an arrow. The arrow hits Duvessa!
Duvessa is moderately wounded.
Duvessa hits you with a +0 short sword.
You die...

.#.##.............#.##.
...#..#..#.#..#..#.###
##.#................
#.......#.#.#....#..#
###...)...........##e#
#.....................
##....########.........
##..e##....###...... .
##....@#....# ...
#...........#
#...).....<##
#...........#
###............
#.............
#..#.......###..
#..........# .
#.........##


You could see Duvessa (berserk).

Vanquished Creatures
  An ogre (D:3)
  A phantom (D:4)
  4 scorpions
  Dowan (D:5)
  A jelly (D:4)
  A sleepcap (D:5)
  2 iguanas
  2 adders
  3 gnolls
  A shadow imp (D:4)
  An ufetubus (D:4)
  A worm (D:2)
  A dart slug (D:3)
  2 orcs
  2 bats
  8 endoplasms
  6 giant cockroaches
  5 goblins
  8 hobgoblins
  8 kobolds
  6 ball pythons
  5 rats
70 creatures vanquished.

Notes
Turn   | Place    | Note
-------+----------+-------------------------------------------
     0 | D:1      | qw the Gargoyle Hunter began the quest for the Orb.
     0 | D:1      | Reached XP level 1. HP: 12/12 MP: 1/1
     0 | D:1      | 0 ||| qw: Version: 0.3-a-83-gcd0e7d8
     0 | D:1      | 0 ||| qw: Game counter: 1503
     0 | D:1      | 0 ||| qw: Melee chars always use a shield: true
     0 | D:1      | 0 ||| qw: God list: Okawaru
     0 | D:1      | 0 ||| qw: Allow faded altars: false
     0 | D:1      | 0 ||| qw: Do Orc after clearing Dungeon:15 true
     0 | D:1      | 0 ||| qw: Do second Lair branch before Depths: true
     0 | D:1      | 0 ||| qw: Lair rune preference: random
     0 | D:1      | 0 ||| qw: Goals: Normal
     0 | D:1      | 0 ||| PLANNING D:1-11
   131 | D:1      | Reached XP level 2. HP: 17/17 MP: 2/2
   177 | D:1      | 177 ||| SWAPPING to +0 orcbow.
   178 | D:1      | 178 ||| DROPPING +0 shortbow.
   429 | D:1      | Reached XP level 3. HP: 21/21 MP: 3/3
   706 | D:1      | 706 ||| READING scroll labelled CETATO GUOF.
   710 | D:1      | 710 ||| READING 2 scrolls labelled VYJASTR ORIP.
   724 | D:1      | 724 ||| READING scroll labelled HUUPRIH QOEFA.
   725 | D:1      | 725 ||| READING scroll labelled JUDAYS LADUORR.
   726 | D:1      | 726 ||| DROPPING scroll of butterflies.
   727 | D:1      | 727 ||| DROPPING scroll of torment.
   838 | D:2      | Reached skill level 5 in Ranged Weapons
  1268 | D:2      | 1268 ||| READING scroll labelled DAKHYG UPSEOSY.
  1369 | D:2      | 1369 ||| READING scroll labelled BIYDID SIPP.
  1509 | D:3      | Found a transporter.
  1528 | D:3      | Found a transporter.
  1533 | D:3      | 1533 ||| UPGRADING to +0 ring mail.
  1548 | D:3      | Reached skill level 1 in Armour
  1569 | D:3      | 1569 ||| DROPPING +0 leather armour.
  1636 | D:3      | Noticed an ogre
  1641 | D:3      | Killed an ogre
  1642 | D:3      | Reached XP level 4. HP: 30/30 MP: 4/4
  1642 | D:3      | Reached XP level 5. HP: 34/34 MP: 5/5
  1671 | D:3      | Identified the +0 robe of Dice, Bag, and Bottle {*Slow
                  | Will++ Str+2 Dex-5}
  1714 | D:3      | Found a basalt altar of Yredelemnul.
  2035 | D:3      | 2035 ||| DROPPING ring of wizardry.
  2158 | D:4      | Found a bloodstained altar of Trog.
  2250 | D:4      | Found a staircase to the Ecumenical Temple.
  2251 | D:4      | 2251 ||| PLANNING TEMPLE
  2251 | D:4      | 2251 ||| READING 2 scrolls of identify.
  2251 | D:4      | 2251 ||| IDENTIFYING sapphire potion
  2261 | Temple   | Entered the Ecumenical Temple
  2262 | Temple   | 2262 ||| PLANNING OKAWARU WORSHIP
  2270 | Temple   | Became a worshipper of Warmaster Okawaru
  2271 | Temple   | 2271 ||| PLANNING D:1-11
  2319 | D:4      | Reached skill level 6 in Ranged Weapons
  2319 | D:4      | Reached XP level 6. HP: 39/39 MP: 6/6
  2474 | D:4      | Reached * piety under Okawaru
  2475 | D:4      | Reached skill level 7 in Ranged Weapons
  2629 | D:5      | Entered Level 5 of the Dungeon
  2630 | D:5      | 2630 ||| INVOKING Heroism.
  2631 | D:5      | 2631 ||| STAIRDANCE
  2652 | D:5      | 2652 ||| STAIRDANCE
  2662 | D:4      | Reached XP level 7. HP: 12/44 MP: 7/7
  2782 | D:5      | 2782 ||| STAIRDANCE
  2809 | D:5      | 2809 ||| STAIRDANCE
  2818 | D:5      | 2818 ||| STAIRDANCE
  2846 | D:5      | Found a radiant altar of Vehumet.
  2906 | D:5      | Reached skill level 1 in Invocations
  2937 | D:5      | Noticed Dowan
  2938 | D:5      | 2938 ||| FLEEEEING.
  2939 | D:5      | 2939 ||| FLEEEEING.
  2940 | D:5      | 2940 ||| FLEEEEING.
  2941 | D:5      | 2941 ||| FLEEEEING.
  2945 | D:5      | 2945 ||| FLEEEEING.
  2946 | D:5      | 2946 ||| FLEEEEING.
  2948 | D:5      | 2948 ||| FLEEEEING.
  2949 | D:5      | 2949 ||| INVOKING Heroism.
  2959 | D:5      | Noticed Duvessa
  2960 | D:5      | Killed Dowan
  2961 | D:5      | Reached skill level 8 in Ranged Weapons
  2963 | D:5      | 2963 ||| FLEEEEING.
  2964 | D:5      | 2964 ||| FLEEEEING.
  2965 | D:5      | 2965 ||| FLEEEEING.
  2966 | D:5      | 2966 ||| INVOKING Heroism.
  2968 | D:5      | HP: 8/44 [Duvessa/+0 short sword (5)]
  2969 | D:5      | 2969 ||| READING scroll of teleportation.
  2969 | D:5      | HP: 1/44 [Duvessa/+0 short sword (7)]
  2970 | D:5      | Slain by Duvessa

Levels and vault maps discovered:
D:1:      ncdulo_watergridlock, layout_loops_ring, minmay_pentomino_o4
D:2:      layout_basic
D:3:      gammafunk_wand_slinger, layout_loops_ring, yredelemnul_altar_generic,
          minmay_misc_feat_nine_boxes
D:4:      layout_basic, lemuel_round_altar, minmay_temple_entry_glass,
          minmay_three_crescents
D:5:      layout_cave_pools, nicolae_vehumet_radiance, uniq_grinder,
          uniq_duvessa, uniq_sigmund
Temple:   eino_temple_lava

Skill      XL: |  1  2  3  4  5  6  7 |
---------------+----------------------+-----
Ranged Weapons | 5 6 7 8 |  8.0
Armour         | 1 |  1.0
Fighting       | 4 |  4.4
Invocations    | 1 |  1.5
Dodging        | |  1.5
Stealth        | |  1.1

Action                     |  1- 3 |  4- 6 |  7- 9 || total
---------------------------+-------+-------+-------++-------
   Fire: Shortbow          |    29 |       |       ||    29
         Orcbow            |    52 |    97 |    50 ||   199
 Invoke: Heroism           |       |     1 |     2 ||     3
    Use: Scroll            |     6 |     1 |     1 ||     8
 Armour: Leather armour    |     9 |       |       ||     9
         Ring mail         |     3 |    53 |    21 ||    77
         Skin              |     1 |       |       ||     1
  Dodge: Dodged            |    19 |    56 |    12 ||    87

Table legend:
 A = Non-vault XP
 B = Vault XP
 C = Vault XP percentage of total XP
 D = Non-vault monster count
 E = Vault monster count
 F = Vault count percentage of total count
                 A         B        C        D         E       F
            +---------+---------+-------+---------+---------+-------
      Total |     855 |      99 |  10.4 |      60 |      10 |  14.3
            +---------+---------+-------+---------+---------+-------
        D:1 |      32 |       6 |  15.8 |      18 |       3 |  14.3
        D:2 |      10 |       0 |   0.0 |       4 |       0 |   0.0
        D:3 |     153 |       0 |   0.0 |      16 |       0 |   0.0
        D:4 |     414 |      24 |   5.5 |      17 |       6 |  26.1
        D:5 |     246 |      69 |  21.9 |       5 |       1 |  16.7
            +---------+---------+-------+---------+---------+-------
